 Dungeon Crawl Stone Soup version 0.13.1-27-ga479965 (webtiles) character file.

227985 Chiseanne the Prestidigitator (level 19, -1/143 HPs)
             Began as a Demonspawn Fighter on Jan 22, 2014.
             Was the Champion of Nemelex Xobeh.
             Slain by an Executioner (23 damage)
             ... on Level 1 of the Abyss on Jan 25, 2014.
             The game lasted 04:48:11 (37392 turns).

Chiseanne the Prestidigitator (Demonspawn Fighter) Turns: 37392, Time: 04:48:11

HP  -1/143       AC 20     Str 23      XL: 19   Next:  4%
MP  34/34        EV 18     Int 10      God: Nemelex Xobeh [******]
Gold 692         SH 30     Dex 16      Spells:  1 memorised, 17 levels left

Res.Fire  : + . .   See Invis. : +   a - +9 morningstar "Giantbane" {vamp, Int-2 Stlth++}
Res.Cold  : . . .   Warding    : .   k - +3 ring mail of Chaih {Dam+4 Stlth++}
Life Prot.: + . .   Conserve   : +   J - +3 shield of Okawaru's Approval {rN+}
Res.Poison: +       Res.Corr.  : +   N - +1 elf wizard hat
Res.Elec. : .       Clarity    : .   n - +1 dwarf cloak {rCorr, Cons}
Sust.Abil.: . .     Spirit.Shd : .   (gloves unavailable)
Res.Mut.  : .       Stasis     : .   f - +2 pair of boots {run}
Res.Rott. : +       Flight     : .   D - amulet of Hospitality {+Blink +Rage rPois SInv}
Saprovore : + . .                    F - ring of Broken Luck {rF+ Int+2 SInv}
                                     h - ring of regeneration

@: about to teleport, hasted, very quick, somewhat resistant to hostile
enchantments, quite stealthy
A: antennae 1, claws 3, hooves 1, foul stench 2, powered by death 3, saprovore
1, AC +2, Str +2
a: Draw One, Peek at Two, Triple Draw, Deal Four, Stack Five, Renounce Religion,
Evoke Blink, Evoke Berserk Rage


You were on level 1 of the Abyss.
You worshipped Nemelex Xobeh.
Nemelex Xobeh was exalted by your worship.
You were not hungry.

You visited 4 branches of the dungeon, and saw 33 of its levels.
You visited the Abyss 1 time.
You also visited: Bailey and Volcano.

You collected 4111 gold pieces.
You spent 3345 gold pieces at shops.

Inventory:

Hand weapons
 a - the +9,+9 morningstar "Giantbane" (weapon) {vamp, Int-2 Stlth++}
   (You found it on level 3 of the Lair of Beasts)

   It inflicts no extra harm, but heals its wielder somewhat when it strikes a
   living foe.
   It affects your intelligence (-2).
   It makes you much more stealthy.
Armour
 f - a +2 pair of boots of running (worn)
 k - the +3 ring mail of Chaih (worn) {Dam+4 Stlth++}
   (You found it on level 4 of the Dungeon)

   It affects your damage-dealing abilities (+4).
   It makes you much more stealthy.
 n - a +1 dwarven cloak of preservation (worn)
 H - a +0 orcish plate armour of poison resistance
 J - the +3 shield of Okawaru's Approval (worn) {rN+}
   (You found it on level 15 of the Dungeon)

   It protects you from negative energy.
 M - a +0 orcish chain mail of fire resistance
 N - a +1 elven wizard hat (worn)
Magical devices
 q - a wand of disintegration (5)
 z - a wand of hasting (2)
 S - a wand of digging (15)
Comestibles
 o - 3 meat rations
 Q - 7 bread rations
 Y - 16 honeycombs
Scrolls
 d - 2 scrolls of enchant weapon I
 g - 4 scrolls of fear
 s - a scroll of fog
 t - a scroll of enchant weapon II
 K - 4 scrolls of magic mapping
 L - 5 scrolls of identify
 P - 10 scrolls of remove curse
 V - 8 scrolls of teleportation
Jewellery
 e - an uncursed ring of protection from magic
 h - a ring of regeneration (left claw)
 p - the ring of Shaolin {EV+8}
   (You found it on level 20 of the Dungeon)

   [ring of evasion]

   It affects your evasion (+8).
 v - an uncursed amulet of resist mutation {unknown}
 w - an uncursed ring of protection from cold
 D - the amulet of Hospitality (around neck) {+Blink +Rage rPois SInv}
   (You found it on level 3 of the Lair of Beasts)

   [amulet of rage]

   It protects you from poison.
   It enhances your eyesight.
   It lets you blink.
 F - the ring of Broken Luck (right claw) {rF+ Int+2 SInv}
   (You bought it in a shop on level 6 of the Dungeon)

   [ring of see invisible]

   It affects your intelligence (+2).
   It protects you from fire.
 G - a +4,+4 ring of slaying
 T - an uncursed ring of flight
Potions
 i - 16 potions of curing
 j - a potion of berserk rage
 r - 3 potions of restore abilities
Miscellaneous
 c - an ornate deck of destruction {god gift}
 m - a fan of gales
 u - a plain deck of escape {drawn: 3} {god gift}
 y - a legendary deck of summonings {drawn: 4} {god gift}
 B - a box of beasts
 R - an ornate deck of war {drawn: 1}
Rods
 O - a +0 lightning rod (14/14)
   (You found it on level 19 of the Dungeon)


   Skills:
 * Level 11.3 Fighting
   Level 7.8 Axes
 * Level 12.1 Maces & Flails
   Level 3.7 Slings
 * Level 14.4 Armour
 * Level 12.2 Dodging
 * Level 11.8 Shields
   Level 3.3 Summonings
 * Level 14.8 Evocations


You had 17 spell levels left.
You knew the following spells:

 Your Spells              Type           Power        Failure   Level  Hunger
a - Apportation           Tloc           #.........   52%         1    ##.....


Dungeon Overview and Level Annotations

Branches:
Dungeon (20/27)            Temple (1/1) D:5             Orc (4/4) D:11
    Elf (0/3) Orc:3          Lair (8/8) D:8           Swamp (0/5) Lair:6
  Snake (0/5) Lair:4        Slime (0/6) Lair:8       Vaults (0/5) D:15

Altars:
Ashenzari
Cheibriados
Elyvilon
Fedhas
Kikubaaqudgha
Makhleb
Nemelex Xobeh
Okawaru
Sif Muna
Trog
Vehumet
Xom
Yredelemnul
Zin
the Shining One
Jiyva

Shops:
D:6 =   D:15 +   D:19 [([*[   Orc:4 (/=/

Portals:
Ziggurat: D:6 (6900 gp)
Trove: D:12 (give +5,+5 demon trident)

Annotations:
D:16 exclusion: Roxanne, Roxanne
D:20 Aizul


Innate Abilities, Weirdness & Mutations

You have claws for hands.
You are partially covered in slimy green scales (AC +2).
You radiate miasma, and are resistant to rotting and decay.
You can steal the life force of all defeated enemies in sight.
You can tolerate rotten meat.
You have a pair of small antennae on your head.
You have large cloven feet.
Your muscles are strong. (Str +2)


Message History

An ancient zyme comes into view.
The Executioner hits your wretched star!
The Executioner hits your wretched star but does no damage.
The Executioner completely misses your wretched star.
The Executioner hits your wretched star.
Your wretched star is destroyed!
A starcursed mass A starcursed mass splits.
The ancient zyme moves out of view.
Drink which item? (? for menu, Esc to quit)
You feel yourself speed up. You block the Executioner's attack.
The Executioner hits you but does no damage.
The Executioner closely misses you. You block the Executioner's attack.
The Executioner hits you but does no damage.
You block the Executioner's attack.
A starcursed mass A starcursed mass splits.
A starcursed mass A starcursed mass splits.
The Executioner hits you!
You die...
Your body glows with a rainbow of weird colours and disappears.

.. .......#.... .. .
......##..# ..
..##..##....#
.#...##..##. ##
......... # ##.......#.
. . # ..##..##.### ...
.#...##..###..####..#..#
...........z..1@........
.#.......§X##....#.####.
##..##..##XX.#.#.... ##.
#..##.#X#.#.#.# .
.........#.. # ##
.......####.## . .##. ##
#.. #..# #.. ... ...


You could see an Executioner, a pale draconian zombie and 4 friendly starcursed
masses.

Vanquished Creatures
  Saint Roka (D:17)
  Norris (D:17)
  A golden dragon (D:15)
  An Executioner (Abyss:1)
  An eldritch tentacle (D:19)
  Frances (D:18)
  Louise (D:19)
  A great orb of eyes (D:19)
  An ice dragon (Lair:6)
  Fannar (D:12)
  A ravenous feature mimic (Lair:7)
  Harold (D:14)
  Nessos (D:14)
  A deep troll earth mage (D:13)
  5 hydras
  A deep troll shaman (D:13)
  7 ogre magi
  6 centaur warriors
  A soul eater (D:19)
  21 slime creatures
  A fire crab (shapeshifter) (D:16)
  2 fire crabs
  A catoblepas (Lair:3)
  An iron troll (D:15)
  A skeletal warrior (D:17)
  An ice devil (Abyss:1)
  A deep elf knight (D:19)
  A sun demon (Volcano)
  A spatial maelstrom (Abyss:1)
  A ball lightning (D:19)
  7 unseen horrors
  A deep troll (shapeshifter) (D:18)
  2 ice statues (D:19)
  10 hill giants
  A deep elf conjurer (D:19)
  A large abomination (Abyss:1)
  A giant orange brain (Abyss:1)
  3 orc knights
  A wizard (D:19)
  A giant amoeba (D:18)
  A wolf spider (D:17)
  A red wasp (D:19)
  A sphinx skeleton (D:19)
  3 cyclopes
  3 griffons
  A sixfirhy (Abyss:1)
  A frost giant skeleton (D:18)
  Maurice (D:10)
  A stone giant skeleton (D:18)
  A stone golem (D:17)
  4 vapours
  5 elephants
  A smoke demon (Abyss:1)
  2 orange demons (Abyss:1)
  2 black mambas
  Psyche (Orc:1)
  2 feature mimics
  2 fire drakes
  A black mamba (shapeshifter) (D:18)
  A fire drake (shapeshifter) (D:19)
  6 spiny frogs
  A brown ooze (Lair:8)
  A yaktaur (D:15)
  An iron troll zombie (D:19)
  10 trolls
  A hydra zombie (D:15)
  An ancient zyme (Abyss:1)
  A red devil (Volcano)
  A polar bear (shapeshifter) (D:16)
  4 komodo dragons
  A hellwing (D:18)
  A deep elf priest (D:19)
  A burning bush (D:19)
  A queen bee (Orc:1)
  Sonja (D:10)
  A giant firefly (D:18)
  3 two-headed ogres (D:19)
  A jumping spider (shapeshifter) (D:19)
  8 polar bears
  A fire vortex (D:19)
  10 blink frogs
  A stone giant simulacrum (D:19)
  11 grizzly bears
  5 air elementals
  A wolf spider simulacrum (D:17)
  A ynoxinul (Abyss:1)
  5 wraiths
  4 basilisks
  3 wyverns
  An ettin skeleton (D:20)
  A deep elf mage (D:19)
  3 sharks (Lair:5)
  2 vampires
  54 yaks
  A griffon skeleton (D:18)
  3 hill giant zombies
  4 wandering mushrooms (D:14)
  2 fire elementals (D:19)
  A neqoxec (Abyss:1)
  41 ugly things
  2 shadows
  12 hippogriffs
  A hog (D:14)
  8 vampire mosquitoes
  A hill giant skeleton (D:16)
  3 hungry ghosts
  2 deep elf fighters (D:19)
  25 wolves
  A manticore (D:14)
  3 rock worms
  A harpy simulacrum (D:18)
  Edmund (D:4)
  Menkaure (D:4)
  2 necrophages (D:15)
  4 soldier ants
  4 mottled dragons
  2 orange crystal statues
  2 small abominations (Abyss:1)
  2 freezing wraiths
  4 black bears (Lair:8)
  2 hell hounds (Lair:8)
  8 ice beasts
  8 porcupines
  24 ogres
  3 sky beasts
  A phantom (D:13)
  5 giant goldfish
  19 centaurs
  3 yellow wasps (D:16)
  3 nagas (Lair:4)
  2 red wasp simulacra (D:19)
  33 orc warriors
  7 crocodiles
  A yaktaur zombie (D:18)
  4 giant slugs
  7 wargs
  4 big kobolds
  4 insubstantial wisps
  Blork the orc (D:4)
  3 silver statues (D:19)
  A cyclops zombie (D:13)
  A manticore zombie (D:13)
  4 agate snails
  22 giant frogs
  14 water moccasins
  2 eyes of draining
  2 cyclops skeletons
  A yak zombie (D:14)
  45 killer bees
  A troll zombie (D:13)
  A deep troll simulacrum (D:19)
  A hippogriff zombie (D:11)
  14 electric eels
  2 lava snakes (D:19)
  8 crimson imps
  2 quasits (D:12)
  A yaktaur simulacrum (D:19)
  2 goliath beetles
  7 iguanas
  3 jellies
  21 orc priests
  A yellow wasp zombie (D:13)
  7 worker ants
  2 scorpions
  A big fish (Lair:2)
  A gnoll shaman (D:5)
  26 orc wizards
  18 hounds
  10 sheep
  An orange rat (Orc:4)
  5 lightning spires (D:19)
  An ogre zombie (D:10)
  A big kobold zombie (D:7)
  2 sky beast zombies
  4 boggarts
  A hound skeleton (D:8)
  A mummy (D:10)
  3 gnolls (D:5)
  12 adders
  4 giant centipedes
  79 green rats
  2 lemures
  An inept feature mimic (D:9)
  A white imp (Abyss:1)
  A giant mite (Lair:7)
  3 worms
  A giant centipede zombie (D:14)
  3 giant eyeballs
  8 giant geckos
  An ooze (D:1)
  156 orcs
  11 giant cockroaches
  22 goblins
  16 hobgoblins
  38 jackals
  25 kobolds
  15 quokkas
  3 ball pythons
  A ball python zombie (D:6)
  12 bats
  3 giant newts
  A kobold skeleton (D:4)
  21 rats
  A bush (Lair:3)
  14 fungi
  13 plants
1260 creatures vanquished.

Vanquished Creatures (collateral kills)
  Mara (D:18)
  Agnes (D:17)
  2 azure jellies (D:19)
  The ghost of smajdalf the Arsonist, a powerful DrCj of Vehumet (D:14)
  A great orb of eyes (Lair:8)
  2 hydras
  The ghost of hastedhated the Ripper, a powerful FeBe of Trog (D:14)
  5 death yaks (Lair:6)
  A rakshasa (D:18)
  10 slime creatures
  A centaur warrior (D:15)
  A very ugly thing (D:14)
  7 skeletal warriors
  A large abomination (Abyss:1)
  A wizard (D:19)
  7 orc knights
  A giant amoeba (Lair:8)
  2 hill giants
  A deep elf conjurer (D:19)
  5 red wasps
  A spiny frog (Lair:7)
  8 elephants
  A stone giant skeleton (D:18)
  The ghost of Mellonil the Skirmisher, an experienced HOFi of Makhleb (D:4)
  2 smoke demons (Abyss:1)
  A vapour (D:14)
  A komodo dragon (D:11)
  2 trolls
  2 red devils (Volcano)
  A naga mage (D:19)
  2 two-headed ogres (D:16)
  A grizzly bear (Lair:8)
  A jumping spider (D:19)
  7 blink frogs
  13 yaks
  18 ugly things
  A wyvern (D:14)
  6 vampire mosquitoes
  3 hungry ghosts
  A hippogriff (D:11)
  A mottled dragon (D:11)
  4 spatial vortices (D:19)
  An ice beast (D:11)
  An ettin simulacrum (D:16)
  A black bear (Lair:8)
  22 orc warriors
  A giant goldfish (Lair:5)
  A centaur (Orc:4)
  3 yellow wasps (Bailey)
  2 ogres
  A giant frog (Lair:4)
  3 water moccasins
  3 wargs
  8 insubstantial wisps
  2 agate snails (D:8)
  An agate snail simulacrum (D:19)
  2 oklob saplings (D:14)
  An eye of draining (D:11)
  3 killer bees
  14 wights
  2 crimson imps
  A hound (Lair:2)
  3 orc priests
  A jelly (D:5)
  Crazy Yiuf (D:4)
  An iguana (D:17)
  A gnoll shaman (D:6)
  A boulder beetle simulacrum (D:19)
  5 orc wizards
  A lightning spire (D:19)
  A shapeshifter simulacrum (D:19)
  3 boggarts (D:16)
  6 gnolls
  A mummy (D:14)
  6 green rats (Lair:4)
  A giant mite (D:5)
  A white imp (Abyss:1)
  25 orcs
  A giant cockroach (D:4)
  A goblin (Orc:1)
  An ooze (Lair:8)
  A quokka (D:11)
  An illusory rakshasa (D:18)
  A kobold (D:8)
  A fungus (Lair:7)
268 creatures vanquished.

Vanquished Creatures (others)
  A wretched star (Abyss:1)
  8 very ugly things
  A sun demon (Abyss:1)
  A skeletal warrior (D:14)
  4 griffons
  9 red wasps
  2 elephants (D:14)
  4 dancing weapons
  3 vapours
  5 spiny frogs
  8 komodo dragons
  2 hellwings
  2 iron devils
  3 polar bears
  A jumping spider (D:19)
  4 giant fireflies
  2 fire vortices (D:19)
  A basilisk (D:16)
  2 slime creatures
  7 grizzly bears
  6 ugly things
  A chaos spawn (D:19)
  3 yaks
  9 hogs
  A toenail golem (D:19)
  25 vampire mosquitoes
  10 wolves
  2 hippogriffs
  A soldier ant (D:18)
  3 black bears
  6 yellow wasps
  2 crocodiles (Lair:8)
  5 chimeras
  11 insubstantial wisps
  3 hounds
  A worker ant (D:14)
  An orange rat (D:17)
  2 sheep
  An adder (Lair:4)
  A goblin (Orc:2)
  4 butterflies
  121 eldritch tentacle segments (D:19)
  2 fungi (Lair:3)
  4 plants
295 creatures vanquished.

Grand Total: 1823 creatures vanquished

Notes
Turn   | Place    | Note
--------------------------------------------------------------
     0 | D:1      | Chiseanne, the Demonspawn Fighter, began the quest for the Orb.
     0 | D:1      | Reached XP level 1. HP: 18/18 MP: 0/0
   205 | D:1      | Gained mutation: You can steal the life force of nearby defeated enemies. [demonic ancestry]
   205 | D:1      | Reached XP level 2. HP: 22/24 MP: 1/1
   608 | D:1      | Found a sparkling altar of Nemelex Xobeh.
   622 | D:1      | Became a worshipper of Nemelex Xobeh
   625 | D:1      | Received a gift from Nemelex Xobeh
   822 | D:1      | Acquired Nemelex Xobeh's first power
   896 | D:1      | Reached XP level 3. HP: 23/30 MP: 2/2
  1332 | D:2      | Reached skill level 1 in Dodging
  1348 | D:2      | Received a gift from Nemelex Xobeh
  1536 | D:2      | Gained mutation: You have a pair of small antennae on your head. [potion of mutation]
  1536 | D:2      | Gained mutation: You have large cloven feet. [potion of mutation]
  1537 | D:2      | Gained mutation: You have a fast metabolism. [potion of mutation]
  1537 | D:2      | Gained mutation: Your flesh is heat resistant. [potion of mutation]
  1537 | D:2      | Lost mutation: You have a fast metabolism. [potion of mutation]
  1679 | D:2      | Gained mutation: You are partially covered in slimy green scales (AC +2). [demonic ancestry]
  1679 | D:2      | Reached XP level 4. HP: 34/36 MP: 3/3
  1969 | D:3      | Received a gift from Nemelex Xobeh
  2279 | D:4      | Noticed an ogre
  2286 | D:4      | Killed an ogre
  2286 | D:4      | Reached skill level 1 in Evocations
  2286 | D:4      | Gained mutation: You can tolerate rotten meat. [demonic ancestry]
  2286 | D:4      | Reached XP level 5. HP: 42/42 MP: 1/4
  2292 | D:4      | Acquired Nemelex Xobeh's second power
  2354 | D:4      | Got a brightly glowing ring mail
  2367 | D:4      | Identified the +3 ring mail of Chaih {Dam+4 Stlth++} (You found it on level 4 of the Dungeon)
  2488 | D:4      | Noticed Mellonil's ghost (experienced HOFi)
  2508 | D:5      | Entered Level 5 of the Dungeon
  2569 | D:5      | Found a staircase to the Ecumenical Temple.
  2582 | Temple   | Entered the Ecumenical Temple
  2907 | D:5      | Gained mutation: You emit a foul stench, and are resistant to rotting and decay. [demonic ancestry]
  2907 | D:5      | Reached XP level 6. HP: 48/48 MP: 6/6
  2964 | D:5      | Acquired Nemelex Xobeh's third power
  3074 | D:4      | Noticed Blork the orc
  3077 | D:4      | Received a gift from Nemelex Xobeh
  3086 | D:4      | Killed Mellonil's ghost
  3086 | D:4      | Reached skill level 4 in Fighting
  3086 | D:4      | Gained mutation: You have sharp fingernails. [demonic ancestry]
  3086 | D:4      | Reached XP level 7. HP: 41/54 MP: 5/8
  3088 | D:4      | Killed Blork the orc
  3242 | D:4      | Noticed Menkaure
  3247 | D:4      | Noticed Edmund
  3265 | D:4      | Killed Menkaure
  3559 | D:4      | Noticed an ogre
  3561 | D:4      | Killed an ogre
  3568 | D:4      | Received a gift from Nemelex Xobeh
  4053 | D:4      | Killed Edmund
  4146 | D:4      | Noticed Crazy Yiuf
  4150 | D:4      | Upgraded the game from 0.13.1-26-g838d096 to 0.13.1-27-ga479965
  4156 | D:4      | Received a gift from Nemelex Xobeh
  4158 | D:4      | Acquired Nemelex Xobeh's fourth power
  4171 | D:4      | Killed Crazy Yiuf
  4339 | D:4      | Received a gift from Nemelex Xobeh
  4603 | D:5      | Gained mutation: You radiate miasma, and are resistant to rotting and decay. [demonic ancestry]
  4603 | D:5      | Reached XP level 8. HP: 61/61 MP: 4/11
  4706 | D:5      | Paralysed by a giant eyeball for 2 turns
  5221 | D:6      | Received a gift from Nemelex Xobeh
  5266 | D:6      | Reached skill level 5 in Shields
  5398 | D:6      | Reached skill level 5 in Fighting
  5418 | D:6      | Received a gift from Nemelex Xobeh
  5424 | D:6      | Found Mnusoeze's Jewellery Emporium.
  5433 | D:6      | Bought a cursed -2 ring of evasion for 30 gold pieces
  5528 | D:6      | Acquired Nemelex Xobeh's fifth power
  5642 | D:6      | Reached skill level 5 in Armour
  5902 | Bailey   | Entered a bailey
  5902 | Bailey   | Noticed an orc knight
  5902 | Bailey   | Noticed an orc knight
  5907 | Bailey   | Noticed an orc knight
  5907 | Bailey   | Received a gift from Nemelex Xobeh
  5912 | Bailey   | Noticed an orc knight
  6062 | Bailey   | Killed an orc knight
  6062 | Bailey   | Reached skill level 5 in Evocations
  6062 | Bailey   | Reached XP level 9. HP: 58/67 MP: 13/15
  6249 | Bailey   | Identified a +0 pair of boots of running (You found it in a bailey)
  6266 | Bailey   | Received a gift from Nemelex Xobeh
  6286 | Bailey   | Reached skill level 5 in Axes
  6291 | Bailey   | Killed an orc knight
  6306 | Bailey   | Killed an orc knight
  6326 | Bailey   | Killed an orc knight
  6326 | Bailey   | Reached skill level 5 in Dodging
  6326 | Bailey   | Reached skill level 6 in Evocations
  6338 | Bailey   | Noticed an orc knight
  6344 | Bailey   | Killed an orc knight
  6441 | D:6      | Received a gift from Nemelex Xobeh
  7188 | D:8      | Found a staircase to the Lair.
  7194 | D:8      | Received a gift from Nemelex Xobeh
  7224 | D:8      | Reached XP level 10. HP: 56/75 MP: 16/19
  7294 | D:8      | Paralysed by a potion of paralysis for 4 turns
  7298 | D:8      | Identified a scroll of acquirement
  7305 | D:8      | Identified a +1 dwarven cloak of preservation (You acquired it on level 8 of the Dungeon)
  7826 | D:8      | Reached skill level 7 in Evocations
  8618 | D:9      | Received a gift from Nemelex Xobeh
  8939 | D:9      | Found a burning altar of Makhleb.
  9112 | D:9      | Received a gift from Nemelex Xobeh
  9296 | D:9      | Noticed a red wasp
  9296 | D:9      | Noticed a red wasp
  9296 | D:9      | Noticed a red wasp
  9299 | D:9      | Killed a red wasp
  9304 | D:9      | Killed a red wasp
  9306 | D:9      | Killed a red wasp
  9454 | D:9      | Found a burning altar of Makhleb.
  9458 | D:9      | Found a shattered altar of Ashenzari.
  9466 | D:9      | Found a glowing golden altar of the Shining One.
  9469 | D:9      | Found a radiant altar of Vehumet.
  9621 | D:10     | Entered Level 10 of the Dungeon
  9656 | D:10     | Noticed Maurice
  9658 | D:10     | Killed an unseen horror
  9660 | D:10     | Killed Maurice
  9700 | D:10     | Received a gift from Nemelex Xobeh
  9803 | D:10     | Gained mutation: You have very sharp fingernails. [demonic ancestry]
  9803 | D:10     | Reached XP level 11. HP: 33/82 MP: 21/21
 10131 | D:10     | Noticed Sonja
 10133 | D:10     | Killed Sonja
 10211 | D:10     | Killed an unseen horror
 10310 | D:10     | Paralysed by a giant eyeball for 4 turns
 10405 | D:10     | Noticed a skeletal warrior
 10406 | D:10     | Noticed a skeletal warrior
 10406 | D:10     | Noticed a skeletal warrior
 10432 | D:10     | Received a gift from Nemelex Xobeh
 10445 | D:10     | Killed a skeletal warrior
 10448 | D:10     | Killed a skeletal warrior
 10450 | D:10     | Killed a skeletal warrior
 10637 | D:11     | Noticed a hill giant
 10641 | D:11     | Killed a hill giant
 10641 | D:11     | Reached skill level 8 in Evocations
 10646 | D:11     | Received a gift from Nemelex Xobeh
 10884 | D:6      | Bought the ring of Broken Luck {rF+ Int+2 SInv} for 561 gold pieces
 11081 | D:11     | Received a gift from Nemelex Xobeh
 11139 | D:11     | Received a gift from Nemelex Xobeh
 11334 | D:11     | Received a gift from Nemelex Xobeh
 11431 | D:11     | Found a staircase to the Orcish Mines.
 11619 | Lair:1   | Entered Level 1 of the Lair of Beasts
 12529 | Lair:2   | Received a gift from Nemelex Xobeh
 12631 | Lair:2   | Received a gift from Nemelex Xobeh
 12726 | Lair:2   | Reached skill level 9 in Evocations
 12728 | Lair:2   | Received a gift from Nemelex Xobeh
 12787 | Lair:2   | Received a gift from Nemelex Xobeh
 13120 | Lair:2   | Gained mutation: You have claws for hands. [demonic ancestry]
 13120 | Lair:2   | Reached XP level 12. HP: 90/90 MP: 22/24
 13569 | Lair:3   | Got a slimy amethyst amulet
 13570 | Lair:3   | Identified the amulet of Hospitality {+Blink +Rage rPois SInv} (You found it on level 3 of the Lair of Beasts)
 13604 | Lair:3   | Received a gift from Nemelex Xobeh
 13610 | Lair:3   | Reached skill level 12 in Armour
 13610 | Lair:3   | Reached XP level 13. HP: 96/96 MP: 11/25
 13736 | Lair:3   | Reached skill level 1 in Slings
 14004 | Lair:3   | Reached skill level 1 in Summonings
 14018 | Lair:3   | Received a gift from Nemelex Xobeh
 14323 | D:6      | Bought an uncursed amulet of stasis for 262 gold pieces
 14470 | Lair:3   | Gained mutation: You have a pair of antennae on your head. [potion of beneficial mutation]
 15172 | Lair:3   | Got a pitted morningstar
 15190 | Lair:3   | Identified the +9,+9 morningstar "Giantbane" {vamp, Int-2 Stlth++} (You found it on level 3 of the Lair of Beasts)
 15310 | Lair:4   | Received a gift from Nemelex Xobeh
 15428 | Lair:4   | Found a staircase to the Snake Pit.
 15640 | Lair:4   | Found a dark tunnel.
 15673 | Volcano  | Entered a volcano
 15699 | Volcano  | Reached skill level 1 in Maces & Flails
 15727 | Volcano  | Received a gift from Nemelex Xobeh
 16222 | Lair:4   | Received a gift from Nemelex Xobeh
 16400 | Lair:5   | Received a gift from Nemelex Xobeh
 17338 | Lair:6   | Received a gift from Nemelex Xobeh
 17437 | Lair:6   | Reached skill level 10 in Evocations
 17600 | Lair:6   | Received a gift from Nemelex Xobeh
 17760 | Lair:6   | Found a staircase to the Swamp.
 18200 | Lair:6   | Found a frozen archway.
 19059 | Lair:7   | Reached XP level 14. HP: 104/104 MP: 27/27
 19061 | Lair:7   | Received a gift from Nemelex Xobeh
 19342 | Lair:7   | Received a gift from Nemelex Xobeh
 19456 | Lair:7   | Found a staircase to the Slime Pits.
 19456 | Lair:7   | Found a viscous altar of Jiyva.
 19457 | Lair:7   | the staircase to the Slime Pits was a mimic.
 19517 | Lair:8   | Entered Level 8 of the Lair of Beasts
 19793 | Lair:8   | Received a gift from Nemelex Xobeh
 19828 | Lair:8   | Reached skill level 10 in Dodging
 19933 | Lair:8   | Found a staircase to the Slime Pits.
 19957 | Lair:8   | Reached skill level 5 in Maces & Flails
 20283 | Lair:8   | Received a gift from Nemelex Xobeh
 20613 | Lair:8   | Received a gift from Nemelex Xobeh
 21308 | Orc:1    | Entered Level 1 of the Orcish Mines
 21351 | Orc:1    | Received a gift from Nemelex Xobeh
 22181 | Orc:2    | Received a gift from Nemelex Xobeh
 22504 | Orc:1    | Noticed Psyche
 22511 | Orc:1    | Killed Psyche
 22516 | Orc:1    | Received a gift from Nemelex Xobeh
 22676 | Orc:1    | Reached skill level 10 in Shields
 23123 | Orc:3    | Received a gift from Nemelex Xobeh
 23149 | Orc:3    | Found a staircase to the Elven Halls.
 23357 | Orc:4    | Entered Level 4 of the Orcish Mines
 23433 | Orc:4    | Received a gift from Nemelex Xobeh
 23507 | Orc:4    | Received a gift from Nemelex Xobeh
 23622 | Orc:4    | Found Saapna's Magical Wand Emporium.
 23622 | Orc:4    | Found Moudghuc's Jewellery Shop.
 23625 | Orc:4    | Found Waidduk's Food Shoppe.
 23628 | Orc:4    | Found Puyfub's Magical Wand Boutique.
 23635 | Orc:4    | Received a gift from Nemelex Xobeh
 23640 | Orc:4    | Bought a cursed ring of hunger for 22 gold pieces
 23645 | Orc:4    | Bought a wand of magic darts (14) for 72 gold pieces
 23653 | Orc:4    | Bought a meat ration for 40 gold pieces
 23653 | Orc:4    | Bought a pear for 8 gold pieces
 23653 | Orc:4    | Bought a bread ration for 40 gold pieces
 23653 | Orc:4    | Bought a pear for 8 gold pieces
 23653 | Orc:4    | Bought a bread ration for 40 gold pieces
 23653 | Orc:4    | Bought a meat ration for 40 gold pieces
 23653 | Orc:4    | Bought a meat ration for 40 gold pieces
 23653 | Orc:4    | Bought a bread ration for 40 gold pieces
 23653 | Orc:4    | Bought a meat ration for 40 gold pieces
 23653 | Orc:4    | Bought a choko for 4 gold pieces
 23653 | Orc:4    | Bought a pear for 8 gold pieces
 23653 | Orc:4    | Bought an apple for 8 gold pieces
 23653 | Orc:4    | Bought an apple for 8 gold pieces
 23653 | Orc:4    | Bought a pear for 8 gold pieces
 23653 | Orc:4    | Bought a choko for 4 gold pieces
 23653 | Orc:4    | Bought a bread ration for 40 gold pieces
 23672 | Orc:4    | Received a gift from Nemelex Xobeh
 23681 | Orc:4    | Received a gift from Nemelex Xobeh
 23814 | Orc:4    | Found Clekhloa's Weapon Boutique.
 23847 | Orc:4    | Found a burning altar of Makhleb.
 24125 | Orc:4    | Received a gift from Nemelex Xobeh
 24788 | D:6      | Bought a +4,+4 ring of slaying for 1462 gold pieces
 25064 | D:12     | Received a gift from Nemelex Xobeh
 25260 | D:12     | Noticed Fannar
 25275 | D:12     | Killed Fannar
 25411 | D:12     | Found a portal to a secret trove of treasure.
 25910 | D:13     | Received a gift from Nemelex Xobeh
 25996 | D:13     | Reached XP level 15. HP: 97/111 MP: 29/29
 26657 | D:13     | Received a gift from Nemelex Xobeh
 26981 | D:13     | Found a burning altar of Makhleb.
 26998 | D:13     | Found a bloodstained altar of Trog.
 27114 | D:14     | Entered Level 14 of the Dungeon
 27114 | D:14     | Noticed smajdalf's ghost (powerful DrCj)
 27127 | D:14     | Noticed hastedhated's ghost (powerful FeBe)
 27129 | D:14     | Received a gift from Nemelex Xobeh
 27135 | D:14     | Noticed Nessos
 27144 | D:14     | Killed hastedhated's ghost
 27163 | D:14     | Killed smajdalf's ghost
 27180 | D:14     | Received a gift from Nemelex Xobeh
 27211 | D:14     | Killed Nessos
 27211 | D:14     | Reached skill level 13 in Armour
 27607 | D:14     | Found a blossoming altar of Fedhas.
 27637 | D:14     | Received a gift from Nemelex Xobeh
 28423 | D:14     | Noticed Harold
 28442 | D:14     | Killed Harold
 28553 | D:15     | Entered Level 15 of the Dungeon
 28583 | D:15     | Received a gift from Nemelex Xobeh
 28670 | D:15     | Got a polished shield
 28671 | D:15     | Identified the +3 shield of Okawaru's Approval {rN+} (You found it on level 15 of the Dungeon)
 28691 | D:15     | Found Phangia's Food Shoppe.
 28699 | D:15     | Found Cejomem's Book Boutique.
 28703 | D:15     | Bought 2 chokos for 8 gold pieces
 28703 | D:15     | Bought a bread ration for 40 gold pieces
 28703 | D:15     | Bought a meat ration for 40 gold pieces
 28703 | D:15     | Bought an apple for 8 gold pieces
 28703 | D:15     | Bought a bread ration for 40 gold pieces
 28703 | D:15     | Bought an apple for 8 gold pieces
 28703 | D:15     | Bought a bread ration for 40 gold pieces
 28703 | D:15     | Bought an apple for 8 gold pieces
 28793 | D:15     | Received a gift from Nemelex Xobeh
 28917 | D:15     | Received a gift from Nemelex Xobeh
 29086 | D:15     | Received a gift from Nemelex Xobeh
 29103 | D:15     | Lost mutation: You have a pair of antennae on your head. [helix card]
 29105 | D:15     | Lost mutation: Your flesh is heat resistant. [helix card]
 29688 | D:15     | Noticed a golden dragon
 29692 | D:15     | Found a staircase to the Vaults.
 29696 | D:15     | Received a gift from Nemelex Xobeh
 29700 | D:15     | Killed a golden dragon
 29700 | D:15     | Reached skill level 10 in Fighting
 30040 | D:16     | Received a gift from Nemelex Xobeh
 30115 | D:16     | Noticed Roxanne
 30399 | D:16     | Found a shimmering altar of Xom.
 30400 | D:16     | Found a shimmering altar of Xom.
 30401 | D:16     | Found a shimmering altar of Xom.
 30401 | D:16     | Found a shimmering altar of Xom.
 30402 | D:16     | Found a shimmering altar of Xom.
 30402 | D:16     | Found a shimmering altar of Xom.
 30881 | D:16     | Received a gift from Nemelex Xobeh
 31116 | D:17     | Noticed Saint Roka
 31179 | D:17     | Received a gift from Nemelex Xobeh
 31228 | D:17     | Gained mutation: You can steal the life force of defeated enemies. [demonic ancestry]
 31228 | D:17     | Reached XP level 16. HP: 120/122 MP: 19/30
 31232 | D:17     | Gained mutation: Your muscles are strong. (Str +2) [helix card]
 31234 | D:17     | Reached XP level 17. HP: 128/128 MP: 8/32
 31235 | D:17     | Reached skill level 10 in Maces & Flails
 31235 | D:17     | Reached XP level 18. HP: 136/136 MP: 6/33
 31322 | D:17     | Received a gift from Nemelex Xobeh
 31326 | D:17     | Killed Saint Roka
 31498 | D:17     | Received a gift from Nemelex Xobeh
 31525 | D:17     | Reached skill level 14 in Evocations
 31565 | D:17     | Noticed Norris
 31577 | D:17     | Killed Norris
 31659 | D:17     | Received a gift from Nemelex Xobeh
 31825 | D:17     | Noticed Agnes
 31833 | D:17     | Received a gift from Nemelex Xobeh
 31834 | D:17     | HP: 2/136 [Agnes/lajatang of electrocution (16)]
 32257 | D:17     | Killed Agnes
 32386 | D:18     | Received a gift from Nemelex Xobeh
 32754 | D:18     | Noticed Mara
 32764 | D:18     | Received a gift from Nemelex Xobeh
 32767 | D:18     | Killed Mara
 32826 | D:18     | Received a gift from Nemelex Xobeh
 32942 | D:18     | Noticed Frances
 32953 | D:18     | Killed Frances
 33050 | D:18     | Received a gift from Nemelex Xobeh
 33390 | D:19     | Received a gift from Nemelex Xobeh
 33521 | D:19     | Found Smuwkom's Antique Armour Shop.
 33579 | D:19     | Found Puuvo's Antique Weapon Shoppe.
 33606 | D:19     | Found Owuskam's General Store.
 33608 | D:19     | Found Geopte's Armour Shop.
 33615 | D:19     | Found Sykyodd's Armour Boutique.
 33664 | D:19     | Bought a bread ration for 68 gold pieces
 33664 | D:19     | Bought a potion of curing for 34 gold pieces
 33664 | D:19     | Bought a scroll of fear for 59 gold pieces
 33715 | D:19     | Noticed Louise
 33717 | D:19     | Killed Louise
 33751 | D:19     | Bought a twisted morningstar for 207 gold pieces
 33757 | D:19     | Received a gift from Nemelex Xobeh
 33887 | D:19     | Identified the cursed +6,+9 morningstar of Moderation {drain, Int+4} (You bought it in a shop on level 19 of the Dungeon)
 34450 | D:19     | Received a gift from Nemelex Xobeh
 34784 | D:19     | Received a gift from Nemelex Xobeh
 35496 | D:19     | Received a gift from Nemelex Xobeh
 35589 | D:19     | Received a gift from Nemelex Xobeh
 35628 | D:19     | Identified the Grimoire of Dislocation (You found it on level 19 of the Dungeon)
 35631 | D:19     | Learned a level 1 spell: Apportation
 35686 | D:19     | Received a gift from Nemelex Xobeh
 35714 | D:19     | Received a gift from Nemelex Xobeh
 35910 | D:19     | Received a gift from Nemelex Xobeh
 36469 | D:19     | Received a gift from Nemelex Xobeh
 36496 | D:19     | Received a gift from Nemelex Xobeh
 36571 | D:20     | Entered Level 20 of the Dungeon
 36879 | D:20     | Noticed Aizul
 36880 | D:20     | Cast into the Abyss (ogre mage)
 36952 | Abyss:1  | Found a corrupted altar of Lugonu.
 37034 | Abyss:1  | Received a gift from Nemelex Xobeh
 37127 | Abyss:1  | Gained mutation: You can steal the life force of all defeated enemies in sight. [demonic ancestry]
 37127 | Abyss:1  | Reached XP level 19. HP: 143/143 MP: 34/34
 37268 | Abyss:1  | Found a sparkling altar of Nemelex Xobeh.
 37392 | Abyss:1  | Slain by an Executioner

Action                   |  1- 3 |  4- 6 |  7- 9 | 10-12 | 13-15 | 16-18 | 19-21 || total
-------------------------+-------+-------+-------+-------+-------+-------+-------++-------
Melee: Hand axe          |   121 |       |       |       |       |       |       ||   121
       War axe           |    47 |   109 |   249 |   561 |   114 |       |       ||  1080
       Morningstar       |       |       |       |       |  1594 |   450 |    46 ||  2090
       Whip              |       |       |       |       |    22 |       |       ||    22
       Unarmed           |       |       |       |       |       |     3 |       ||     3
Invok: Draw One          |     1 |     5 |    63 |    71 |   207 |   174 |     2 ||   523
       Peek at Two       |       |       |     9 |     9 |    26 |    10 |       ||    54
       Stack Five        |       |       |       |     2 |     6 |     7 |       ||    15
 Abil: Evoke Flight      |       |       |       |       |     1 |     2 |       ||     3
       End Transformatio |       |       |       |       |     1 |     1 |       ||     2
       Stop Flying       |       |       |       |       |       |     1 |       ||     1
       Evoke Blink       |       |       |       |       |       |     1 |       ||     1
Evoke: Deck              |     4 |       |       |       |       |       |       ||     4
       Wand              |       |       |     3 |    17 |    15 |     6 |       ||    41
       Miscellaneous     |       |       |       |       |     7 |       |       ||     7
  Use: Potion            |     7 |     4 |     4 |     6 |    14 |     6 |     1 ||    42
       Scroll            |     4 |     7 |     8 |     5 |    23 |     5 |     2 ||    54
 Stab: Sleeping          |       |     1 |     1 |     3 |    11 |       |       ||    16
       Distracted        |       |       |     2 |       |     4 |     4 |       ||    10
       Petrifying        |       |       |       |       |       |     3 |       ||     3
       Invisible         |       |       |       |       |       |     1 |       ||     1
